 Dungeon Crawl Stone Soup version 0.19.0-19-g8c6edcc (webtiles) character file.

21161 Gorice the Severer (level 12, -6/106 HPs)
             Began as a Hill Orc Berserker on Nov 13, 2016.
             Was an Elder of Trog.
             Mangled by a tentacle (9 damage)
             ... attached to a kraken
             ... on level 3 of the Abyss.
             The game lasted 01:16:48 (13411 turns).

Gorice the Severer (Hill Orc Berserker)            Turns: 13411, Time: 01:16:48

Health: -6/106     AC: 20    Str: 21    XL:     12   Next: 87%
Magic:  12/12      EV:  3    Int:  7    God:    Trog [****..]
Gold:   757        SH:  0    Dex: 14    Spells: 0 memorised, 11 levels left

rFire  . . .     SeeInvis .     M - +1 war axe
rCold  + . .     Gourm    +     N - +3 chain mail
rNeg   . . .     Faith    .     (no shield)
rPois  .         Spirit   .     P - +0 helmet
rElec  .         Reflect  .     o - +0 cloak
rCorr  +         Harm     .     (no gloves)
MR     .....                    B - +0 pair of boots
Stlth  ..........               H - amulet of the gourmand
                                R - ring of resist corrosion
                                h - ring of protection from cold

@: lethally poisoned (-6 -> -9), about to teleport, grasped by roots, very
slightly contaminated, hasted and slowed, constricted, drained, very slow
A: no striking features
a: Berserk, Trog's Hand, Brothers in Arms, Burn Spellbooks, Renounce Religion


You were on level 3 of the Abyss.
You worshipped Trog.
Trog was greatly pleased with you.
You were full.

You visited 3 branches of the dungeon, and saw 13 of its levels.
You visited the Abyss 1 time.
You also visited: Ossuary and Ice Cave.

You collected 757 gold pieces.

Inventory:

Hand Weapons
 a - a +1 battleaxe of distortion
   (Trog gifted it to you on level 8 of the Dungeon)
 f - a +2 hand axe of flaming
   (You took it off a big kobold on level 9 of the Dungeon)
 M - a +1 war axe (weapon)
Missiles
 w - 15 tomahawks (quivered)
 Z - 494 stones
Armour
 o - a +0 cloak (worn)
 B - a +0 pair of boots (worn)
 I - a +0 plate armour
 N - a +3 chain mail (worn)
 P - a +0 helmet (worn)
Jewellery
 h - a ring of protection from cold (left hand)
 m - an uncursed ring of positive energy
 s - an uncursed ring of ice
 E - an uncursed ring of fire
 G - an uncursed ring of protection from magic
 H - an amulet of the gourmand (around neck)
 O - a +3 ring of dexterity
 R - a ring of resist corrosion (right hand)
 T - an uncursed amulet of magic regeneration {unknown}
Wands
 e - a wand of iceblast (3/15)
 j - a wand of flame (15/48)
 l - a wand of iceblast (10/15)
 p - a wand of confusion (18/48)
 t - a wand of acid (8/15)
 C - a wand of slowing (26/48)
 K - a wand of flame (27/48)
Scrolls
 r - 4 scrolls of identify
 y - 4 scrolls of remove curse
 J - 3 scrolls of magic mapping {!r}
 L - 2 scrolls of teleportation {!r}
 S - a scroll of acquirement {!r}
Potions
 c - a potion of invisibility {!q}
 d - 3 potions of agility {!q}
 g - 2 potions of curing
 i - 2 potions of cancellation {!q}
 v - a potion of resistance {!q}
 z - 3 potions of might {!q}
 A - 7 potions of lignification {!q}
Books
 q - Ymacoix's Compendium of Enthralling Creation
   (You found it in an ice cave)

   Spells                             Type                      Level
   a - Dazzling Spray                 Conjuration/Hexes            3
   b - Confuse                        Hexes                        3
   c - Aura of Abjuration             Summoning                    5
   Trog disapproves of the use of such an item.
 D - a book of Flames
 Q - a book of Ice
Miscellaneous
 x - a phial of floods
Comestibles
 b - a beef jerky
 n - 8 meat rations {!e}
 F - 15 fruits


   Skills:
 + Level 9.8(9.4) Fighting
 + Level 18.4(17.9) Axes
 + Level 13.5(13.1) Armour
 - Level 1.5(1.2) Dodging


You had 11 spell levels left.
You didn't know any spells.

Dungeon Overview and Level Annotations

Branches:
Dungeon (9/15)             Temple (1/1) D:6            Lair (3/6) D:9
 Shoals (0/4) Lair:2       Spider (0/4) Lair:2          Orc (0/2) D:9

Altars:
Ashenzari
Cheibriados
Dithmenos
Elyvilon
Fedhas
Gozag
Hepliaklqana
Kikubaaqudgha
Makhleb
Nemelex Xobeh
Okawaru
Qazlal
Ru
Sif Muna
Trog
Uskayaw
Vehumet
Xom
Yredelemnul
Zin
The Shining One

Annotations:
D:1 vpUX: humanoids behind bars
Abyss:1 Fannar


Message History

Angry insects surge out from beneath the shambling mangrove's foliage!
The shambling mangrove hits you!
* * * LOW HITPOINT WARNING * * *
Damage: 12 (max 22) Unknown command.
Unknown command.
Unknown command.
Unknown command.
Unknown command.
Unknown command.
Unknown command.
Unknown command.
Your chain mail prevents you from hitting the tentacle.
The tentacle is almost dead.
You closely miss the hornet. You slash the spectral anaconda!
You slash the shambling mangrove!
You are engulfed in spectral mist.
* * * LOW HITPOINT WARNING * * *
The spectral anaconda bites you but does no damage.
The spectral anaconda constricts you. The tentacle slaps you!
* * * LOW HITPOINT WARNING * * *
Damage: 17 (max 22) Unknown command.
Unknown command.
Unknown command.
You feel better.
You are engulfed in spectral mist.
Tangled roots snake along the ground.
The hornet is engulfed in spectral mist.
The hornet barely misses you. The spectral anaconda bites you!
* * * LOW HITPOINT WARNING * * *
The spectral anaconda constricts you.
The apocalypse crab is engulfed in spectral mist.
The tentacle slaps you but does no damage.
The shambling mangrove is engulfed in spectral mist.
The shambling mangrove hits you!
* * * LOW HITPOINT WARNING * * *
Damage: 16 (max 22) Unknown command.
Unknown command.
Unknown command.
You feel better.
You are engulfed in spectral mist.
The hornet is engulfed in spectral mist.
The hornet stings you.
* * * LOW HITPOINT WARNING * * *
You are poisoned.
You feel yourself slow down. The spectral anaconda bites you!
* * * LOW HITPOINT WARNING * * *
You feel drained.
* * * LOW HITPOINT WARNING * * *
The spectral anaconda constricts you. The tentacle slaps you!
You die...

# ##..#≈#.....
#≈≈≈##...≈≈≈.#...
#≈#≈#....≈≈≈....#
#≈≈≈≈≈≈≈≈≈≈≈... #
≈≈≈≈≈§≈≈≈≈≈∩...#
#≈≈≈≈≈≈Zyw≈w..∩ #
#yttZ§X≈.....
##Zfwt≈≈.# ..
##@y# # #... ####
# ##


You could see a kraken, a shambling mangrove, a ghost crab, a fire crab, an
apocalypse crab, 3 tentacles, a spectral anaconda, a spectral fire dragon, a
spectral snapping turtle and 3 hornets.

Vanquished Creatures
  A hill giant (D:8)
  Joseph (D:7)
  A black mamba (Lair:1)
  An ice statue (IceCv)
  2 spiny frogs
  2 ice devils (Lair:1)
  11 polar bears (IceCv)
  4 blink frogs (Lair:1)
  2 dream sheep (D:9)
  The ghost of Monkfish the Cutter, an amateur KoBe of Trog (D:4)
  2 redbacks (Lair:2)
  19 yaks
  Eustachio (D:6)
  A hungry ghost (D:8)
  Edmund (D:6)
  6 water moccasins
  7 porcupines
  2 ice beasts
  2 sky beasts
  3 orc warriors
  14 wolves (IceCv)
  3 centaurs
  3 crocodiles
  3 big kobolds (D:9)
  An elf zombie (Ossuary)
  14 bullfrogs
  Dowan (D:5)
  3 scorpions
  4 howler monkeys
  2 crimson imps
  3 centaur zombies
  4 hounds
  2 human zombies (Ossuary)
  3 bullfrog zombies
  3 orc priests
  A jelly (D:8)
  12 orc wizards
  A bullfrog skeleton (D:9)
  5 worker ants
  A big kobold zombie (Ossuary)
  2 hound skeletons
  2 mummies (Ossuary)
  A worker ant zombie (D:6)
  Robin (D:2)
  10 adders
  2 gnolls (D:8)
  A shadow imp (D:5)
  An ooze (D:2)
  An adder skeleton (D:6)
  2 worms
  6 leopard geckos
  49 orcs
  8 bats
  4 giant cockroaches
  15 goblins
  8 hobgoblins
  10 jackals
  5 quokkas
  2 ball pythons
  5 frilled lizards
  A goblin zombie (Ossuary)
  12 hobgoblin zombies (Ossuary)
  A jackal zombie (Ossuary)
  6 kobolds
  6 kobold zombies (Ossuary)
  11 orc zombies (Ossuary)
  8 rats
  2 fungi (D:9)
335 creatures vanquished.

Vanquished Creatures (collateral kills)
  Gastronok (D:8)
  A hydra (D:9)
  Erica (D:8)
  Pikel (D:9)
  A polar bear (IceCv)
  Duvessa (D:5)
  A gnoll sergeant (D:8)
  A jelly (D:8)
  2 gnolls (D:8)
  4 orcs (D:9)
14 creatures vanquished.

Vanquished Creatures (others)
  A hydra (Lair:1)
  A polar bear (IceCv)
  5 yaks
  A water moccasin (Lair:3)
  A porcupine (Lair:2)
  A black bear (Lair:3)
  2 slaves (D:9)
  A human (D:6)
  A wolf (IceCv)
  A crocodile (Lair:3)
  2 orcs (D:9)
  3 fungi
  4 plants
  5 tentacles (Abyss:3)
29 creatures vanquished.

Grand Total: 378 creatures vanquished

Notes
Turn   | Place    | Note
-------+----------+-------------------------------------------
     0 | D:1      | Gorice the Hill Orc Berserker began the quest for the Orb.
     0 | D:1      | Reached XP level 1. HP: 19/19 MP: 1/1
   267 | D:1      | Reached XP level 2. HP: 26/26 MP: 2/2
   491 | D:1      | Reached skill level 5 in Axes
   842 | D:2      | Reached XP level 3. HP: 25/31 MP: 3/3
  1102 | D:2      | HP: 5/31 [worm (12)]
  1469 | D:2      | Reached skill level 6 in Axes
  1472 | D:2      | Reached ** piety under Trog
  1649 | D:2      | Noticed Robin
  1700 | D:2      | Reached XP level 4. HP: 39/39 MP: 4/4
  1707 | D:2      | Killed Robin
  2123 | D:2      | Reached skill level 7 in Axes
  2269 | D:3      | Reached XP level 5. HP: 43/45 MP: 5/5
  2328 | D:3      | Reached *** piety under Trog
  2942 | D:4      | Reached skill level 8 in Axes
  3047 | D:4      | Noticed Monkfish's ghost (amateur KoBe)
  3075 | D:4      | Killed Monkfish's ghost
  3075 | D:4      | Reached skill level 9 in Axes
  3075 | D:4      | Reached XP level 6. HP: 50/51 MP: 6/6
  3096 | D:4      | Got a faintly humming leather armour
  3284 | D:4      | Found a sand-covered staircase.
  3344 | Ossuary  | Entered an ossuary
  3411 | Ossuary  | Reached XP level 7. HP: 56/57 MP: 7/7
  3411 | Ossuary  | Reached **** piety under Trog
  3424 | Ossuary  | Reached skill level 10 in Axes
  3607 | Ossuary  | HP: 17/57 [mummy (8)]
  3877 | Ossuary  | Reached skill level 3 in Armour
  4161 | D:5      | Entered Level 5 of the Dungeon
  4175 | D:4      | Reached skill level 11 in Axes
  4229 | D:5      | Found an iron altar of Okawaru.
  4403 | D:5      | Reached XP level 8. HP: 64/64 MP: 8/8
  4465 | D:5      | Reached skill level 4 in Armour
  4504 | D:5      | Noticed Dowan
  4539 | D:5      | Killed Dowan
  4544 | D:5      | Noticed Duvessa
  4554 | D:5      | Killed Duvessa
  4609 | D:5      | Reached skill level 12 in Axes
  4865 | D:6      | Noticed Edmund
  4884 | D:6      | Killed Edmund
  4884 | D:6      | Reached skill level 5 in Armour
  4980 | D:6      | Found a staircase to the Ecumenical Temple.
  5013 | Temple   | Entered the Ecumenical Temple
  5271 | D:6      | Noticed Eustachio
  5324 | D:6      | Found an ancient bone altar of Kikubaaqudgha.
  5328 | D:6      | Killed Eustachio
  5464 | D:6      | Reached skill level 6 in Armour
  5464 | D:6      | Reached XP level 9. HP: 70/70 MP: 9/9
  5716 | D:6      | Found a hazy altar of Hepliaklqana.
  5854 | D:7      | Reached skill level 13 in Axes
  5861 | D:7      | Noticed Joseph
  5899 | D:7      | HP: 23/105 [Joseph/uncursed quarterstaff (10)]
  5900 | D:7      | Killed Joseph
  5900 | D:7      | Reached skill level 7 in Armour
  6531 | D:7      | Reached ***** piety under Trog
  7080 | D:8      | Noticed a hill giant
  7090 | D:8      | Killed a hill giant
  7090 | D:8      | Reached skill level 14 in Axes
  7090 | D:8      | Reached skill level 8 in Armour
  7263 | D:8      | Noticed Erica
  7268 | D:8      | Killed Erica
  7268 | D:8      | Reached skill level 9 in Armour
  7268 | D:8      | Reached XP level 10. HP: 69/77 MP: 10/10
  7315 | D:8      | Reached skill level 15 in Axes
  8025 | D:8      | Noticed Gastronok
  8056 | D:8      | Killed Gastronok
  8056 | D:8      | Received a gift from Trog
  8056 | D:8      | Reached skill level 10 in Armour
  8343 | D:9      | Found a staircase to the Lair.
  8605 | D:9      | Reached skill level 16 in Axes
  8610 | D:9      | HP: 17/77 [yak (8)]
  8613 | D:9      | Noticed Pikel
  8662 | D:9      | Killed Pikel
  8706 | D:9      | Reached skill level 11 in Armour
  9045 | D:9      | Reached XP level 11. HP: 82/82 MP: 11/11
  9185 | D:9      | Noticed a three-headed hydra
  9197 | D:9      | Killed a three-headed hydra
  9197 | D:9      | Reached skill level 4 in Fighting
  9415 | D:9      | Found a staircase to the Orcish Mines.
  9502 | Lair:1   | Entered Level 1 of the Lair of Beasts
  9572 | Lair:1   | Noticed a five-headed hydra
  9579 | Lair:1   | Banished a five-headed hydra
  9652 | Lair:1   | Reached skill level 5 in Fighting
  9654 | Lair:1   | Found a frozen archway.
  9665 | IceCv    | Entered an ice cave
  9779 | IceCv    | Reached skill level 17 in Axes
  9804 | IceCv    | Reached skill level 12 in Armour
  9818 | IceCv    | Reached skill level 6 in Fighting
 10308 | IceCv    | Reached skill level 7 in Fighting
 10368 | IceCv    | Reached XP level 12. HP: 92/100 MP: 12/12
 10538 | IceCv    | Reached skill level 8 in Fighting
 10559 | IceCv    | Noticed a frost giant
 10791 | IceCv    | Banished a frost giant
 10811 | IceCv    | Identified Ymacoix's Compendium of Enthralling Creation
 10914 | Lair:1   | Reached skill level 13 in Armour
 11378 | Lair:1   | Reached skill level 18 in Axes
 11440 | Lair:1   | Reached skill level 9 in Fighting
 11746 | Lair:1   | Noticed Fannar
 11754 | Lair:1   | Banished Fannar
 11983 | Lair:1   | Identified a scroll of acquirement
 12167 | Lair:2   | Found a hole to the Spider Nest.
 12312 | Lair:2   | Found a staircase to the Shoals.
 12824 | Lair:3   | Noticed a five-headed hydra
 13390 | Lair:3   | Cast into level 3 of the Abyss (a distortion unwield)
 13391 | Abyss:3  | Noticed a ghost crab
 13391 | Abyss:3  | Noticed a kraken
 13409 | Abyss:3  | HP: 26/106 [tentacle[a kraken] (16)]
 13410 | Abyss:3  | HP: 10/106 [shambling mangrove (17)]
 13411 | Abyss:3  | HP: 3/106 [spectral anaconda[a ghost crab] (3)]
 13411 | Abyss:3  | Mangled by a tentacle

Skill      XL: |  1  2  3  4  5  6  7  8  9 10 11 12 |
---------------+-------------------------------------+-----
Axes           | 5 6 7 9 11 12 14 16 17 18 | 18.4
Armour         | 3 6 9 11 12 13 | 13.5
Fighting       | 7 9 |  9.8
Dodging        | |  1.5

Action                   |  1- 3 |  4- 6 |  7- 9 | 10-12 || total
-------------------------+-------+-------+-------+-------++-------
Melee: Hand axe          |   133 |   235 |   417 |     1 ||   786
       War axe           |       |       |    92 |   104 ||   196
       Battleaxe         |       |       |       |   489 ||   489
 Fire: Hunting sling     |       |     4 |    84 |    13 ||   101
Throw: Stone             |    21 |    17 |       |       ||    38
       Tomahawk          |       |     4 |     5 |    14 ||    23
Invok: Berserk           |     2 |     4 |     5 |     3 ||    14
       Brothers in Arms  |       |       |     3 |     8 ||    11
Evoke: Wand              |       |       |     3 |     4 ||     7
  Use: Scroll            |     4 |     4 |    14 |     9 ||    31
       Potion            |       |       |       |     8 ||     8
 Stab: Sleeping          |     1 |       |       |       ||     1
       Distracted        |       |       |       |     1 ||     1
  Eat: Chunk             |     4 |    10 |    22 |    30 ||    66
       Pizza             |       |       |     2 |       ||     2
       Royal jelly       |       |       |       |     1 ||     1
Armor: Animal skin       |    26 |     8 |       |       ||    34
       Chain mail        |       |    71 |   183 |   234 ||   488
       Skin              |       |     2 |       |       ||     2
       Plate armour      |       |       |    57 |   139 ||   196
Dodge: Dodged            |    87 |    97 |   136 |   207 ||   527

Table legend:
 A = Turns spent in this place as a percentage of turns spent in the entire game.
 B = Non-inter-level travel turns spent in this place as a percentage of non-inter-level travel turns spent in the entire game.
 C = Inter-level travel turns spent in this place as a percentage of turns spent in this place.
 D = Turns resting spent in this place as a percentage of non-inter-level travel turns spent in this place.
 E = Turns spent auto-exploring this place as a percentage of non-inter-level travel turns spent in this place.
 F = Non-inter-level travel turns spent in this place divided by the number of levels of this place that you've seen.
                   A       B       C       D       E      F
               +-------+-------+-------+-------+-------+----------------------
         Total | 100.0 | 100.0 |   0.2 |   1.8 |   4.3 | 357.4
       Dungeon |  68.6 |  68.6 |   0.3 |   1.6 |   4.1 | 435.7
        Temple |   0.3 |   0.3 |   5.3 |   0.0 |  94.4 |  18.0
          Lair |  12.3 |  12.3 |   0.3 |   2.3 |   7.4 | 234.0
         Abyss |   0.9 |   0.9 |   0.0 |   0.0 |   0.0 |  52.0
       Ossuary |   7.9 |   7.9 |   0.0 |   2.0 |   0.2 | 453.0
      Ice Cave |  10.0 |  10.0 |   0.0 |   3.1 |   2.3 | 572.0
               +-------+-------+-------+-------+-------+----------------------

Vault maps used:
D:1:      doesnt_arrival_goblin_jail
D:2:      uniq_robin
D:3:      serial_aquarium, aquarium_bridge_square, aquarium_window_fake,
          aquarium_window_fake, aquarium_view_2f, aquarium_balcony_1b,
          aquarium_pool_split, first_bread, kennysheep_cross_bottleneck
D:4:      nicolae_ossuary_entry_monument, moated_statue
D:5:      okawaru_gym_becter, uniq_duvessa
D:6:      lemuel_round_altar, tgw_kikubaaqudgha, uniq_eustachio, uniq_edmund
D:7:      uniq_joseph
D:8:      uniq_gastronok, uniq_erica
D:9:      dpeg_oklobed_lair, hiddenorc1_lemuel, hangedman_ranch,
          minmay_curled_crystal, uniq_erolcha, uniq_pikel
Temple:   dpeg_five_rooms_temple
Lair:1:   portal_ice_cave_demonic_guard, uniq_fannar
Lair:2:   elwin_shoals_entry_rocks, spider_nest_entry_webs, grunt_megastairs_4,
          infiniplex_staircase_pool
Lair:3:   serial_bayou_shore_b
Abyss:3:  bh_silent_lugonu_exit,
          evilmike_nicolae_abyss_rune_betentacled_crabyss,
          guppyfry_abyss_exit_imp_island
Ossuary:  ossuary_tomb_1
IceCv:    ice_cave_caverns_01
